AoeStats
← normalnocturnal

Arena

506727059Analyzed
2v2 RM · 19d ago on Sep 14, 2026· 17m 35s· 4 players
Game mode
Random Map
Map size
Medium (4 player)
Population
200
Speed
Normal
Resources
Standard
Victory
Conquest
Starting age
Dark Age
Ending age
Imperial Age
RankedLock teamsTeams togetherTeam positionsShared explorationLock speedFull tech treeHidden civsTurbo modeCheats
Victory
Defeat
🇬🇧 Britons · United Kingdom
814
+18
🇬🇧 Huns · United Kingdom
803
+20
🇧🇾 Franks · Belarus
866
-52
🇰🇿 Turks · Kazakhstan
866
-52
y2ez
16:36 Feudal Age
NelovkiyKoHb
ChrisVoor
1:07 Loom
2:32 Loom
11:28 Feudal Age
12:40 Horse Collar
12:48 Double-Bit Axe
16:24 Gold Mining
normalnocturnal
3:51 Loom
10:53 Feudal Age
11:21 Double-Bit Axe
11:19 Horse Collar
14:20 Wheelbarrow
16:16 Stone Mining
16:25 Gold Mining
Connection lost

Rejoining the realm…

Still unreachable

The connection could not be restored.

Session expired

The server has moved on; the page needs a fresh start.